 Dungeon Crawl Stone Soup version bcrawl-1.20.1-3-gdcb1fc31ed (webtiles) character file.

Game seed: 5690757505912312299

108 Freyura the Twirler (level 4, -9/34 HPs)
             Began as a Demonspawn Gladiator on Jan 31, 2020.
             Was an Initiate of Makhleb.
             Killed by divine providence
             ... invoked by an orc priest
              (12 damage)
             ... on level 3 of the Dungeon.
             The game lasted 00:09:15 (2840 turns).

Freyura the Twirler (Demonspawn Gladiator)          Turns: 2840, Time: 00:09:16

Health: -9/34      AC: 17    Str: 20    XL:     4   Next: 58%
Magic:  4/4        EV:  9    Int:  9    God:    Makhleb [......]
Gold:   141        SH:  0    Dex: 15    Spells: 3/3 levels left

rFire    . . .     SeeInvis .   a - +0 quarterstaff
rCold    . . .     Gourm    .   (shield currently unavailable)
rNeg     . . .     Faith    .   o - +0 chain mail
rPois    .         Spirit   .   c - +1 helmet
rElec    .         Reflect  .   b - +0 cloak (curse)
rCorr    .         Harm     .   (no gloves)
MR       .....                  (no boots)
Stlth    ..........             (no amulet)
HPRegen  0.11/turn              h - +5 ring of strength
MPRegen  0.09/turn              (no ring)

@: sanguine armour
A: talons 2, sanguine armour 1
a: Renounce Religion


You were on level 3 of the Dungeon.
You worshipped Makhleb.
Makhleb was noncommittal.
You were not hungry.

You visited 1 branch of the dungeon, and saw 3 of its levels.

You collected 141 gold pieces.

Inventory:

Hand Weapons
 a - a +0 quarterstaff (weapon)
Missiles
 d - 3 throwing nets (quivered) {!f}
Armour
 b - a cursed +0 cloak (worn)
 c - a +1 helmet (worn)
 o - a +0 chain mail (worn)
Jewellery
 h - a +5 ring of strength (left hand)
Scrolls
 i - a scroll of fear
 j - 2 scrolls of teleportation
 k - 2 scrolls of identify
 p - a scroll of amnesia {unknown}
Potions
 f - 3 potions of cancellation
 g - a potion of lignification
 l - a potion of mutation {unknown}
 m - a potion of agility {unknown}
 n - a potion of invisibility {unknown}
 q - a potion of curing {unknown}
 r - 2 potions of heal wounds {unknown}
Comestibles
 e - 9 rations {!d}


   Skills:
 + Level 2.7 Fighting
 * Level 3.7 Staves
 - Level 1.7 Throwing
 + Level 1.4 Armour
 + Level 3.2 Dodging
 + Level 0.5 Invocations


You had 3 spell levels left.
You didn't know any spells.
Your spell library was empty.

Dungeon Overview and Level Annotations

Branches:
Dungeon (3/12)

Altars:
Lugonu
Makhleb
Trog
Vehumet
Yredelemnul
The Shining One


Innate Abilities, Weirdness & Mutations

You have razor-sharp toenails.
When seriously injured, your bleeding wounds create armour. (AC +6)


Message History

Beogh smites you!
* * * LOW HITPOINT WARNING * * *
The orc barely misses you.
Your chain mail prevents you from hitting the orc.
You claw the orc.
You kill the orc!
Makhleb accepts your kill.
You closely miss the orc priest. Your kick misses the orc priest.
The orc priest hits you but does no damage.
You closely miss the orc priest. You claw the orc priest!
The orc priest is severely wounded.
The orc priest hits you but does no damage.
You barely miss the orc priest. You claw the orc priest.
The orc priest is almost dead.
The orc priest completely misses you.
You closely miss the orc priest. Your kick misses the orc priest.
The orc priest is almost dead.
The orc priest calls down the wrath of Beogh upon you.
Beogh smites you!
You die...

......# #).[........#
......# #.###....##.#
###...#####รท######.##.#
#.#...)........#.##.#
#.........####.#.##.#
########### #.#.##.# (.
#...##.#
#####.######.###########
......o@............(...
..###.######.###########
.. #.##.....# ..#
#.##.###.# ###### #.
########.##.###.####
...... #
.........##.........
######
########.######.#### .
#.# #.# #####.# #.#


You could see an orc priest.

Vanquished Creatures
  An adder (D:3)
  3 oozes
  A worm (D:2)
  12 orcs
  3 ball pythons
  A bat (D:1)
  3 giant cockroaches
  9 goblins
  8 hobgoblins
  4 jackals
  3 quokkas
  2 frilled lizards (D:1)
  11 kobolds
  5 rats
66 creatures vanquished.

Notes
Turn   | Place    | Note
-------+----------+-------------------------------------------
     0 | D:1      | Freyura the Demonspawn Gladiator began the quest for the
                  | Orb.
     0 | D:1      | Reached XP level 1. HP: 16/16 MP: 1/1
   356 | D:1      | Gained mutation: When seriously injured, your bleeding
                  | wounds create armour. (AC +6) [demonic ancestry]
   356 | D:1      | Reached XP level 2. HP: 22/22 MP: 2/2
  1257 | D:2      | Gained mutation: You have sharp toenails. [demonic
                  | ancestry]
  1257 | D:2      | Reached XP level 3. HP: 25/28 MP: 3/3
  1403 | D:2      | Reached skill level 1 in Armour
  2252 | D:3      | Found a basalt altar of Yredelemnul.
  2254 | D:3      | Noticed a profane servitor
  2406 | D:3      | Gained mutation: You have razor-sharp toenails. [demonic
                  | ancestry]
  2406 | D:3      | Reached XP level 4. HP: 34/34 MP: 4/4
  2549 | D:3      | Found a bloodstained altar of Trog.
  2550 | D:3      | Found a burning altar of Makhleb.
  2550 | D:3      | Found a radiant altar of Vehumet.
  2554 | D:3      | Found a corrupted altar of Lugonu.
  2559 | D:3      | Became a worshipper of Makhleb the Destroyer
  2693 | D:3      | Found a glowing golden altar of the Shining One.
  2840 | D:3      | Killed from afar by an orc priest

Skill      XL: |  1  2  3 |
---------------+----------+-----
Staves         | 3 |  3.7
Dodging        | 3 |  3.2
Armour         | 1 |  1.4
Fighting       | |  2.7
Throwing       | |  1.7
Invocations    | |  0.5

Action                   |  1- 3 |  4- 6 || total
-------------------------+-------+-------++-------
Melee: Quarterstaff      |   134 |    45 ||   179
       Kick              |    16 |    13 ||    29
  Use: Scroll            |     6 |       ||     6
  Eat: Chunk             |     5 |     1 ||     6
Armor: Leather armour    |    14 |       ||    14
       Scale mail        |     9 |     3 ||    12
       Chain mail        |       |     7 ||     7
Dodge: Dodged            |    93 |    18 ||   111
